 Dungeon Crawl Stone Soup version 0.29-a0-80-g3050e97935 (webtiles) character file.

Game seed: 1332852178026591294

71837 Stryldir the Unseen (level 14, -1/72 HPs)
             Began as a Spriggan Enchanter on Feb 4, 2022.
             Was the Champion of Dithmenos.
             Slain by a sun demon (20 damage)
             ... summoned by an orc high priest
             ... on level 11 of the Dungeon.
             The game lasted 01:00:50 (28626 turns).

Stryldir the Unseen (Spriggan Enchanter)           Turns: 28626, Time: 01:00:52

Health: -1/72      AC: 10    Str: 10    XL:     14   Next: 99%
Magic:  24/34      EV: 27    Int: 25    God:    Dithmenos [******]
Gold:   1739       SH:  4    Dex: 20    Spells: 25/44 levels left

rFire   . . .      SeeInvis +   M - +3 dagger of Dissolution {vorpal, Int+3 Dex+3}
rCold   . . .      Faith    .   j - orb {mayhem}
rNeg    . . .      Spirit   .   y - +0 steam dragon scales
rPois   .          Reflect  .   V - +2 hat
rElec   .          Harm     .   k - +2 cloak
rCorr   .          Rampage  .   (gloves unavailable)
Will    ++...      Clarity  +   (boots unavailable) Stlth ****++++++
                                (no amulet)
HPRegen 0.22/turn               I - +4 ring of slaying
MPRegen 0.24/turn               r - +6 ring of intelligence

@: confusing by touch, wreathed by umbra, very quick
A: very small, no large weapons, unfitting armour, see invisible, speed 3, large
bone plates 1, clarity, sense surroundings 1, strong 1
a: Renounce Religion, Shadow Step, Shadow Form


You were on level 11 of the Dungeon.
You worshipped Dithmenos.
Dithmenos was exalted by your worship.
You visited 4 branches of the dungeon, and saw 22 of its levels.
You also visited: Sewer and Ossuary.

You collected 1739 gold pieces.

Inventory:

Hand Weapons
 a - a +2 vorpal dagger
 G - a +2 dagger of venom
 M - the +3 dagger of Dissolution (weapon) {vorpal, Int+3 Dex+3}
   (You found it on level 13 of the Dungeon)

   It inflicts extra damage upon your enemies.
   Int:       It affects your intelligence (+3).
   Dex:       It affects your dexterity (+3).
Missiles
 p - 4 atropa-tipped darts (quivered)
 t - 25 poisoned darts
 v - 4 throwing nets
 N - 3 curare-tipped darts
Armour
 b - the +0 robe of the Alphagorgon {Int+3 Archmagi}
   (You found it on level 7 of the Dungeon)

   Int:       It affects your intelligence (+3).
   Archmagi:  It increases the power of your magical spells.
 j - an orb of mayhem (worn)
 k - a +2 cloak (worn)
 w - an orb of guile
 y - +0 steam dragon scales (worn)
 V - a +2 hat (worn)
Jewellery
 f - a ring of wizardry
 r - a +6 ring of intelligence (right hand)
 u - a ring of flight
 x - the ring "Xekegh" {*Corrode rC++ rN+ Int+6}
   (You found it on level 6 of the Dungeon)

   [ring of intelligence]

   Int:       It affects your intelligence (+6).
   rC:        It greatly protects you from cold.
   rN:        It protects you from negative energy.
   *Corrode:  It may corrode you when you take damage.
 H - a ring of fire
 I - a +4 ring of slaying (left hand)
Wands
 g - a wand of flame (60)
 E - a wand of polymorph (15)
 F - a wand of acid (16)
 P - a wand of iceblast (3)
Scrolls
 o - 7 scrolls of magic mapping
 q - 2 scrolls of blinking
 z - 8 scrolls of teleportation
 C - 6 scrolls of identify
 K - 4 scrolls of brand weapon
 O - 3 scrolls of fog
 Q - 2 scrolls of holy word
 R - 3 scrolls of amnesia
 T - 2 scrolls of fear
Potions
 c - 2 potions of invisibility
 d - 6 potions of haste
 e - a potion of might
 h - 10 potions of curing
 i - 2 potions of heal wounds
 l - 4 potions of mutation
 m - a potion of lignification
 n - 3 potions of flight
 s - a potion of magic
 A - 2 potions of attraction
 B - 9 potions of ambrosia
 D - 2 potions of cancellation
 J - 4 potions of brilliance
 L - a potion of berserk rage
 U - 2 potions of resistance
Miscellaneous
 S - a phial of floods (inert)


   Skills:
 + Level 7.4 Fighting
 + Level 9.9 Short Blades
 + Level 12.0 Dodging
 + Level 19.3 Stealth
 + Level 15.7 Spellcasting
 + Level 15.9 Hexes


You had 25 spell levels left.
You knew the following spells:

 Your Spells              Type           Power      Damage    Failure   Level
a - Ensorcelled Hibernat  Hex/Ice        100%       N/A       1%          2
b - Tukima's Dance        Hex            78%        N/A       0%          3
c - Dazzling Flash        Conj/Hex       100%       N/A       1%          3
d - Confusing Touch       Hex            78%        N/A       0%          3
e - Summon Guardian Gole  Hex/Summ       56%        N/A       1%          3
f - Metabolic Englaciati  Hex/Ice        28%        N/A       3%          5

Your spell library contained the following spells:

 Spells                   Type           Power      Damage    Failure   Level
 Inner Flame              Hex/Fire       56%        N/A       1%          3
 Beastly Appendage        Tmut           38%        N/A       2%          1
 Foxfire                  Conj/Fire      76%        2x1d7     2%          1
 Summon Small Mammal      Summ           76%        N/A       2%          1
 Passwall                 Tmut/Erth      15%        N/A       4%          2
 Wereblood                Tmut           19%        N/A       4%          2
 Call Canine Familiar     Summ           19%        N/A       9%          3
 Conjure Flame            Conj/Fire      19%        6-21      9%          3
 Ozocubu's Armour         Ice            19%        N/A       9%          3
 Spider Form              Tmut/Pois      19%        N/A       9%          3
 Swiftness                Air            19%        N/A       9%          3
 Flame Wave               Conj/Fire      19%        2d6       26%         4
 Petrify                  Tmut/Erth      19%        N/A       26%         4
 Simulacrum               Ice/Necr       9%         N/A       99%         6
 Statue Form              Tmut/Erth      12%        N/A       99%         6


Dungeon Overview and Level Annotations

Branches:
Dungeon (14/15)            Temple (1/1) D:4            Lair (6/6) D:9
  Swamp (0/4) Lair:4        Snake (0/4) Lair:4        Slime (0/5) Lair:5
    Orc (1/2) D:11         Vaults (0/5) D:13          Sewer (visited)
Ossuary (visited)

Altars:
Ashenzari
Cheibriados
Dithmenos
Elyvilon
Fedhas
Gozag
Hepliaklqana
Kikubaaqudgha
Nemelex Xobeh
Okawaru
Qazlal
Ru
Sif Muna
Vehumet
Xom
Yredelemnul
Zin
The Shining One
Beogh

Shops:
D:1 =

Annotations:
Lair:1 3 runed translucent doors, paps's ghost, journeyman OpFi
Lair:4 3 runed translucent doors, Minuumom's ghost, journeyman DsVM


Innate Abilities, Weirdness & Mutations

You are very small and have problems with some larger weapons.
You are too small for most types of armour.
You have supernaturally acute eyesight. (SInv)
You cover ground extremely quickly. (Speed+++)
You are partially covered in large bone plates. (SH +4)
You possess an exceptional clarity of mind.
You passively map a small area around you.
Your muscles are strong. (Str +2)


Message History

Your shadow hits the orc high priest with a dagger.
Unknown command.
You hit the orc high priest.
The orc high priest is almost dead.
Your shadow barely misses the orc high priest.
The orc high priest utters an invocation to Beogh.
You miss the orc high priest.
The orc high priest is almost dead.
Your shadow hits the orc high priest with a dagger.
Unknown command.
Aiming: Corrosive Bolt
Press: ? - help, Shift-Dir - straight line, f - orc high priest
Aim: an orc high priest, wielding a +0 scimitar and wearing a +0 leather armour (almost dead, umbra, 64% to hit)
The bolt of acid misses the orc high priest.
The orc high priest misses you. The smoke demon gestures at you.
The sticky flame misses you. The sun demon completely misses you.
You barely miss the orc high priest.
The orc high priest is almost dead.
Your shadow hits the orc high priest but does no damage.
The orc high priest hits you with a +0 scimitar!
* * * LOW HITPOINT WARNING * * *
The smoke demon gestures at you. The ball of steam misses you.
Casting: Ensorcelled Hibernation (safe; 1% risk of failure)
Confirm with . or Enter, or press ? or * to list all spells.
Aiming: Ensorcelled Hibernation (safe; 1% risk of failure)
Press: ? - help, Shift-Dir - straight line, f/p - orc high priest
Aim: an orc high priest, wielding a +0 scimitar and wearing a +0 leather armour (almost dead, umbra, chance to affect: 37%)
The orc high priest easily resists.
The sun demon completely misses you.
The orc high priest calls down the wrath of Beogh upon you.
You resist with almost no effort.
Casting: Ensorcelled Hibernation (safe; 1% risk of failure)
Confirm with . or Enter, or press ? or * to list all spells.
Your hands begin to glow red.
You block the sun demon's attack.
The orc high priest is engulfed in a cloud of scalding steam.
The orc high priest barely misses you. The smoke demon hits you.
* * * LOW HITPOINT WARNING * * *
The smoke demon completely misses you. x2; The sun demon hits you!!
You die...

.........# #.# #..# #####.####
#.# #.## ##.# #.# #.# #..# #.#
#.# #.## #[# #.# ###'###
#####[####### ##'### #(....#
#.....[.....# ###..... #.....#
#....3§.....# #.'..... #.....#
#....@o.....###.#..... #..(..###
#...§§3.....##..#..... #.....'.#
#.§.........##.##.....
#.....#.###.)).§......#..##.....
#.....#..##.)§§......>#.###...†.
#.....##..)...........#.# #.....
#.....#####..(.......(..# #.....
#.....# #.........).### ######
####### #############


You could see an orc high priest, a sun demon (summoned) and a smoke demon
(summoned).

Vanquished Creatures
  Rupert (D:14)
  A fire dragon (D:14)
  A vault guard (D:13)
  An ice dragon (D:13)
  2 boulder beetles
  7 hydras
  3 catoblepae (Lair:6)
  4 two-headed ogres
  5 centaur warriors
  8 death yaks (Lair:6)
  Sonja (Lair:1)
  A deep troll (D:13)
  A deep troll (shapeshifter) (D:14)
  2 deep elf pyromancers
  4 ugly things
  2 cyclopes
  4 manticores
  5 elephants
  5 black mambas
  A smoke demon (D:14)
  10 cane toads
  A gargoyle (D:12)
  Maggie (D:7)
  9 komodo dragons
  A kobold demonologist (D:11)
  An efreet (D:14)
  2 tengu conjurers (D:13)
  A freezing wraith (D:14)
  3 trolls
  A polar bear (shapeshifter) (D:13)
  4 slime creatures
  A queen bee (Lair:3)
  2 tyrant leeches (Lair:4)
  A polar bear (Lair:4)
  15 blink frogs
  2 shadows
  Eustachio (D:5)
  43 yaks
  2 wraiths
  2 wyverns
  A vampire (D:7)
  A steam dragon (D:8)
  2 basilisks
  2 fire elementals (D:14)
  7 vampire mosquitoes
  An acid dragon (D:12)
  2 nagas (Lair:4)
  13 water moccasins
  Pargi (Sewer)
  A hornet zombie (D:6)
  15 wolves
  3 black bears
  A necrophage (D:6)
  7 orc warriors
  5 ogres
  14 centaurs
  3 elf zombies (Ossuary)
  A kobold brigand (D:8)
  8 bullfrogs
  A gnoll sergeant (D:6)
  6 scorpions
  19 killer bees (Lair:3)
  4 howler monkeys
  9 centaur zombies
  4 hounds
  A bullfrog zombie (D:6)
  A centaur skeleton (D:7)
  3 orc priests (D:11)
  Crazy Yiuf (D:4)
  3 iguanas
  2 hell rats (Lair:6)
  6 orc wizards
  A hound zombie (Ossuary)
  3 mummies (Ossuary)
  6 gnolls
  2 adders
  2 white imps (D:5)
  An ufetubus (D:7)
  4 adder zombies
  An adder skeleton (D:4)
  A worm (D:4)
  5 dart slugs
  24 orcs
  5 ball pythons
  7 endoplasms
  9 giant cockroaches
  A gnoll zombie (Ossuary)
  5 goblins
  5 hobgoblins
  6 jackals
  14 kobolds
  3 quokkas
  9 bats
  4 frilled lizards (D:1)
  3 goblin zombies (Ossuary)
  4 hobgoblin zombies (Ossuary)
  3 jackal zombies (Ossuary)
  5 kobold zombies (Ossuary)
  2 orc zombies (Ossuary)
  3 quokka zombies (Ossuary)
  10 rats
  3 rat zombies (Ossuary)
461 creatures vanquished.

Vanquished Creatures (collateral kills)
  A hydra (Lair:6)
  A boulder beetle (D:13)
  4 death yaks (Lair:6)
  Urug (Lair:5)
  An ugly thing (D:14)
  A manticore (D:13)
  3 elephants
  A cane toad (Lair:6)
  2 efreet (D:14)
  A komodo dragon (Lair:6)
  6 blink frogs
  16 yaks
  2 nagas (Lair:4)
  A water moccasin (Lair:2)
  A black bear (D:8)
  2 orc warriors (D:11)
  An ogre (D:11)
  5 wolves
  6 centaurs
  A bullfrog (Lair:2)
  5 killer bees (Lair:3)
  2 hell rats (Lair:6)
  2 orc wizards
  5 gnolls
  20 orcs
  A giant cockroach (D:4)
  A kobold (D:8)
93 creatures vanquished.

Vanquished Creatures (others)
  A boulder beetle (Lair:6)
  A deep elf pyromancer (D:14)
  A blink frog (Lair:2)
  3 yaks
  5 dancing weapons
  A swamp worm (Lair:4)
  An orc warrior (D:11)
  A wolf (Lair:3)
  3 centaurs (D:14)
  A killer bee (Lair:3)
  An orc wizard (D:11)
  A gnoll (D:6)
  An orc (D:11)
  A kobold (D:8)
  30 fungi
  34 plants
86 creatures vanquished.

Grand Total: 640 creatures vanquished

Notes
Turn   | Place    | Note
-------+----------+-------------------------------------------
     0 | D:1      | Stryldir the Spriggan Enchanter began the quest for the
                  | Orb.
     0 | D:1      | Reached XP level 1. HP: 9/9 MP: 5/5
   156 | D:1      | Found Ifigg's Jewellery Shop.
   286 | D:1      | Reached XP level 2. HP: 7/13 MP: 7/7
   289 | D:1      | Learned a level 2 spell: Ensorcelled Hibernation
  1474 | D:1      | Found a faded altar of an unknown god.
  1805 | D:1      | Reached XP level 3. HP: 15/16 MP: 9/9
  3387 | D:2      | Reached XP level 4. HP: 21/21 MP: 11/11
  3402 | D:2      | Learned a level 3 spell: Tukima's Dance
  3406 | D:2      | Learned a level 3 spell: Dazzling Flash
  3410 | D:2      | Learned a level 3 spell: Confusing Touch
  3593 | D:2      | Reached skill level 5 in Hexes
  3740 | D:2      | You fall into a shaft and drop 1 floor!
  3742 | D:3      | Found a snail-covered altar of Cheibriados.
  3842 | D:3      | Found a radiant altar of Vehumet.
  4037 | D:3      | Found a broken altar of Ashenzari.
  4308 | D:3      | Gained mutation: Your muscles are strong. (Str +2) [potion
                  | of mutation]
  4308 | D:3      | Gained mutation: You passively map a small area around you.
                  | [potion of mutation]
  4308 | D:3      | Gained mutation: You are partially covered in large bone
                  | plates. (SH +4) [potion of mutation]
  4308 | D:3      | Gained mutation: You possess an exceptional clarity of
                  | mind. [potion of mutation]
  4375 | D:3      | Found a glowing drain.
  4385 | Sewer    | Entered a sewer
  4436 | Sewer    | Noticed Pargi
  4463 | Sewer    | Killed Pargi
  4464 | Sewer    | Reached skill level 5 in Spellcasting
  4464 | Sewer    | Reached XP level 5. HP: 19/24 MP: 8/13
  5423 | D:4      | Found a staircase to the Ecumenical Temple.
  5435 | Temple   | Entered the Ecumenical Temple
  5444 | Temple   | Became a worshipper of Dithmenos the Shadowed
  5465 | D:4      | Reached skill level 5 in Stealth
  5465 | D:4      | Reached XP level 6. HP: 28/28 MP: 12/15
  6108 | D:4      | Found a runed translucent door.
  6109 | D:4      | Noticed Crazy Yiuf
  6123 | D:4      | Killed Crazy Yiuf
  6652 | D:4      | Found a basalt altar of Yredelemnul.
  6874 | D:4      | Found an opulent altar of Gozag.
  7290 | D:5      | Entered Level 5 of the Dungeon
  7341 | D:4      | Reached skill level 6 in Stealth
  7741 | D:5      | Noticed Eustachio
  7758 | D:5      | Killed Eustachio
  7759 | D:5      | Reached XP level 7. HP: 21/32 MP: 8/17
  7953 | D:5      | Reached skill level 7 in Stealth
  8045 | D:5      | Found a sparkling altar of Nemelex Xobeh.
  8157 | D:5      | Found a glowing golden altar of the Shining One.
  8333 | D:5      | Found a blossoming altar of Fedhas.
  8659 | D:6      | Identified the ring "Xekegh" {*Corrode rC++ rN+ Int+6}
  8689 | D:6      | Reached skill level 8 in Stealth
  8689 | D:6      | Reached XP level 8. HP: 27/36 MP: 13/20
  8702 | D:6      | Reached * piety under Dithmenos
  9072 | D:6      | Found a glowing silver altar of Zin.
  9113 | D:6      | Reached skill level 9 in Stealth
  9570 | D:7      | Noticed Maggie
  9588 | D:7      | Killed Maggie
  9613 | D:7      | Identified the +0 robe of the Alphagorgon {Int+3 Archmagi}
  9695 | D:7      | Reached skill level 10 in Stealth
  9781 | D:7      | Reached XP level 9. HP: 29/39 MP: 18/22
 10650 | D:8      | Reached skill level 11 in Stealth
 10651 | D:8      | Found a sand-covered staircase.
 10664 | D:8      | Reached skill level 10 in Hexes
 10666 | Ossuary  | Entered an ossuary
 11075 | Ossuary  | Reached ** piety under Dithmenos
 11229 | Ossuary  | Reached skill level 10 in Spellcasting
 11311 | D:8      | Reached skill level 12 in Stealth
 12341 | D:9      | Found an ancient bone altar of Kikubaaqudgha.
 12418 | D:9      | Found a shimmering altar of Xom.
 12420 | D:9      | Noticed a two-headed ogre
 12458 | D:9      | Killed a two-headed ogre
 12459 | D:9      | Reached XP level 10. HP: 12/44 MP: 17/25
 12740 | D:9      | Found a staircase to the Lair.
 12747 | D:9      | Reached *** piety under Dithmenos
 12929 | D:9      | Found a white marble altar of Elyvilon.
 13181 | D:10     | Entered Level 10 of the Dungeon
 13283 | D:10     | Reached skill level 13 in Stealth
 13397 | D:10     | Noticed a cyclops
 13400 | D:10     | Killed a cyclops
 13587 | D:10     | Found a sacrificial altar of Ru.
 14247 | D:11     | Reached skill level 14 in Stealth
 14857 | D:11     | Found a shimmering blue altar of Sif Muna.
 15014 | D:11     | Reached XP level 11. HP: 45/48 MP: 23/28
 15029 | D:11     | Reached skill level 1 in Fighting
 15226 | D:11     | Noticed a two-headed ogre
 15282 | D:11     | Killed a two-headed ogre
 15621 | D:11     | Found a staircase to the Orcish Mines.
 15627 | D:11     | Noticed a centaur warrior
 15634 | D:11     | Killed a centaur warrior
 15696 | D:11     | Reached skill level 15 in Stealth
 15811 | D:12     | Learned a level 3 spell: Summon Guardian Golem
 15817 | D:12     | Learned a level 5 spell: Metabolic Englaciation
 15879 | D:12     | Noticed a white ugly thing
 15886 | D:12     | Killed a white ugly thing
 15886 | D:12     | Reached **** piety under Dithmenos
 16025 | D:12     | Found a broken altar of Ashenzari.
 16027 | D:12     | Noticed a deep elf pyromancer
 16030 | D:12     | Reached skill level 5 in Dodging
 16037 | D:12     | Killed a deep elf pyromancer
 16226 | D:12     | Noticed a seven-headed hydra
 16233 | D:12     | Killed a seven-headed hydra
 16371 | D:13     | Noticed a five-headed hydra
 16377 | D:13     | Killed a five-headed hydra
 16383 | D:13     | Noticed a four-headed hydra
 16400 | D:13     | Killed a four-headed hydra
 16437 | D:13     | Killed a boulder beetle
 16438 | D:13     | Reached XP level 12. HP: 56/56 MP: 30/30
 16594 | D:13     | Noticed an ice dragon
 16594 | D:13     | Noticed a vault guard
 16599 | D:13     | Killed a vault guard
 16600 | D:13     | Reached skill level 5 in Short Blades
 16600 | D:13     | Reached skill level 16 in Stealth
 16601 | D:13     | Killed an ice dragon
 16608 | D:13     | Found a gate to the Vaults.
 17619 | D:13     | Identified the +3 dagger of Dissolution {vorpal, Int+3
                  | Dex+3}
 18036 | D:14     | Noticed a centaur warrior
 18052 | D:14     | Noticed an eight-headed hydra
 18059 | D:14     | Killed an eight-headed hydra
 18062 | D:14     | Noticed Rupert
 18107 | D:14     | Killed Rupert
 18147 | D:14     | Noticed a two-headed ogre
 18151 | D:14     | Killed a centaur warrior
 18169 | D:14     | Noticed a centaur warrior
 18182 | D:14     | Killed a two-headed ogre
 18186 | D:14     | Killed a centaur warrior
 18485 | D:14     | Noticed a centaur warrior
 18506 | D:14     | Killed a centaur warrior
 18513 | D:14     | Reached skill level 17 in Stealth
 18601 | D:14     | Noticed a centaur warrior
 18606 | D:14     | Killed a centaur warrior
 18607 | D:14     | Reached XP level 13. HP: 63/63 MP: 30/32
 18865 | D:14     | Reached ***** piety under Dithmenos
 18867 | D:14     | Noticed a fire dragon
 18884 | D:14     | Reached skill level 5 in Fighting
 18926 | D:14     | Killed a fire dragon
 18943 | D:14     | Identified the +8 demon whip "Onyihi" {flame, Fly rElec}
 19616 | Lair:1   | Entered Level 1 of the Lair of Beasts
 19651 | Lair:1   | Found a runed translucent gate.
 19651 | Lair:1   | Found a runed translucent gate.
 19655 | Lair:1   | Found a runed translucent gate.
 19657 | Lair:1   | Noticed a minotaur
 20079 | Lair:1   | Noticed paps's ghost (journeyman OpFi)
 20277 | Lair:1   | Noticed Sonja
 20288 | Lair:1   | Killed Sonja
 22037 | Lair:3   | Reached skill level 10 in Dodging
 22288 | Lair:3   | Reached skill level 18 in Stealth
 23128 | Lair:4   | Found a staircase to the Swamp.
 23268 | Lair:4   | Found a runed translucent gate.
 23268 | Lair:4   | Found a runed translucent gate.
 23268 | Lair:4   | Found a runed translucent gate.
 23270 | Lair:4   | Noticed Minuumom's ghost (journeyman DsVM)
 23349 | Lair:4   | Reached skill level 15 in Hexes
 23445 | Lair:4   | Reached XP level 14. HP: 60/70 MP: 33/33
 23504 | Lair:4   | Found a stormy altar of Qazlal.
 23719 | Lair:4   | Found a staircase to the Snake Pit.
 24534 | Lair:5   | Found the +7 mace of Variability {chain chaos}
 24636 | Lair:5   | Reached skill level 15 in Spellcasting
 24707 | Lair:5   | Noticed Urug
 24720 | Lair:5   | Killed Urug
 25337 | Lair:5   | Found a staircase to the Slime Pits.
 25640 | Lair:6   | Entered Level 6 of the Lair of Beasts
 25643 | Lair:6   | Reached ****** piety under Dithmenos
 26604 | Lair:6   | Reached skill level 19 in Stealth
 28221 | Orc:1    | Entered Level 1 of the Orcish Mines
 28626 | D:11     | Slain by a sun demon

Illustrated notes

Levels and vault maps discovered:
D:1:      dpeg_arrival_water_fire, layout_basic,
          shapermc_ecumenical_altar_flowoftime, serial_shops, shop,
          kennysheep_another_room, minmay_tetromino_i4
D:2:      layout_basic
D:3:      layout_basic, mainiacjoe_overflow_boulevard, jmf_multi_god_temple,
          portal_sewer_entry_b
D:4:      layout_basic, mainiacjoe_overflow_24_doors,
          nicolae_gozag_cash_rules_everything_around_me,
          minmay_temple_entry_sparse_star, uniq_crazy_yiuf_cottage
D:5:      layout_cave_pools, nicolae_tso_swordbearing_angel,
          mainiacjoe_overflow_swirl, supply_closet_lemuel, chequers_avenue,
          minmay_crossroads, uniq_eustachio
D:6:      layout_rooms, old_standard_altar, nrook_campfire,
          kennysheep_small_circle
D:7:      layout_basic, chequers_serial_rivers_marsh, uniq_maggie
D:8:      layout_gridville, nicolae_ossuary_entry_false_entrances
D:9:      layout_loops_ring, mainiacjoe_overflow_chevrons,
          mainiacjoe_overflow_brackets, marbit_many_paths, lair_entry_dummy
D:10:     layout_roguey, old_standard_altar, fungi_pond_lemuel, grunt_ogre_cave,
          minmay_statues_item, lemuel_flamethrower_2
D:11:     layout_roguey, orc_0_dummy, special_room [special_room_orc], tgw_sif
D:12:     layout_loops_ring, ashenzari_conservatory_becter
D:13:     layout_big_octagon, david_vaults_4, kennysheep_generic_room_12
D:14:     minmay_firetagon, layout_small_grid, dk_noncrumbling_4, uniq_rupert
Temple:   compressed_dpeg_triangle_lava_temple
Lair:1:   layout_chaotic_city, maelrawn_ghost_gauntlet_escape, minivault_23,
          lemuel_old_faithful, infiniplex_staircase_pool_2, uniq_sonja
Lair:2:   layout_hall_layers, minmay_stone_trees_medium, serial_bayou_shore_b
Lair:3:   layout_roguey [special_room_bee], lemuel_fruit_fields
Lair:4:   layout_misc_corridors, minmay_swamp_entry_worms,
          guppyfry_snake_entry_island, ebering_ghost_rock_garden,
          lemuel_centaur_altar
Lair:5:   statuecave_lemuel, layout_regular_city, slime_dummy,
          lemuel_fruit_tree, uniq_urug
Lair:6:   evilmike_catoblepas_cave, layout_loops_ring, infiniplex_staircase_pool
Orc:1:    layout_caves, nicolae_orc_tapped_out

Skill      XL: |  1  2  3  4  5  6  7  8  9 10 11 12 13 14 |
---------------+-------------------------------------------+-----
Spellcasting   | 3 4 5 6 7 8 10 12 13 14 15 | 15.7
Hexes          | 4 5 6 7 9 11 12 13 14 15 | 15.9
Stealth        | 5 6 8 10 12 14 15 17 18 19 | 19.3
Dodging        | 3 6 8 10 12 | 12.0
Fighting       | 3 4 6 7 |  7.4
Short Blades   | 4 6 8 9 |  9.9

Action                   |  1- 3 |  4- 6 |  7- 9 | 10-12 | 13-15 || total
-------------------------+-------+-------+-------+-------+-------++-------
Melee: Dagger            |   175 |   203 |   299 |   202 |   491 ||  1370
       Punch             |     2 |     3 |       |       |       ||     5
 Cast: Ensorcelled Hiber |    11 |    35 |    56 |    68 |   154 ||   324
       Confusing Touch   |       |     3 |    15 |    14 |     5 ||    37
       Tukima's Dance    |       |    10 |     2 |     4 |    12 ||    28
       Dazzling Flash    |       |       |       |       |    14 ||    14
Invok: Shadow Step       |       |       |       |       |     3 ||     3
Evoke: Wand              |       |       |       |     1 |     6 ||     7
       Phial of floods   |       |       |       |       |     2 ||     2
  Use: Scroll            |     6 |    10 |     6 |     5 |     4 ||    31
       Potion            |       |     2 |       |     2 |       ||     4
 Stab: Sleeping          |    23 |    26 |    51 |    68 |   131 ||   299
       Distracted        |     1 |       |       |     1 |     6 ||     8
       Confused          |       |     2 |    14 |    12 |     3 ||    31
       Invisible         |       |       |       |       |     9 ||     9
       Petrifying        |       |       |       |       |     1 ||     1
       Petrified         |       |       |       |       |     1 ||     1
Armor: Robe              |    21 |    27 |    11 |       |       ||    59
       Steam dragon scal |       |       |    55 |    39 |    38 ||   132
Dodge: Dodged            |   136 |   144 |   256 |   220 |   539 ||  1295
Block: Other             |       |    26 |     9 |       |       ||    35
       Orb               |       |       |    46 |    41 |    92 ||   179

Table legend: (Time is in decaauts)
 A = Elapsed time spent in this place.
 B = Non-inter-level travel time spent in this place.
 C = Inter-level travel time spent in this place.
 D = Time resting spent in this place.
 E = Time spent auto-exploring this place.
 F = Levels seen in this place.
 G = Mean time per level.
                   A        B        C        D        E       F      G
               +--------+--------+--------+--------+--------+-----+--------+
         Total |  22016 |  21301 |    715 |   4590 |  12710 |  24 |  917.3 |
       Dungeon |  14442 |  13922 |    520 |   2864 |   8582 |  14 | 1031.6 |
        Temple |    307 |    303 |      4 |    294 |      0 |   1 |  307.0 |
          Lair |   6407 |   6218 |    189 |   1218 |   3846 |   6 | 1067.8 |
  Orcish Mines |     15 |     15 |      0 |      0 |      0 |   1 |   15.0 |
         Sewer |    300 |    300 |      0 |      0 |    219 |   1 |  300.0 |
       Ossuary |    542 |    542 |      0 |    213 |     62 |   1 |  542.0 |
               +--------+--------+--------+--------+--------+-----+--------+

Top non-repeatable levels by time:
     D:1: 2207 daAuts
    D:11: 1710 daAuts
  Lair:6: 1388 daAuts
  Lair:3: 1373 daAuts
  Lair:5: 1357 daAuts
    D:14: 1274 daAuts
     D:4: 1226 daAuts
     D:3: 923 daAuts
  Lair:2: 921 daAuts
    D:12: 894 daAuts
     D:9: 851 daAuts
     D:5: 849 daAuts
     D:6: 849 daAuts
  Lair:4: 844 daAuts
    D:13: 837 daAuts
